Map: Dusk Towers

Players

MaSa

  • Race: Terran Terran

Showtime - Winner!

  • Race: Protoss Protoss

Event: DreamHack Open Tours WCS Spring Championship

VOD

Have the link to the VOD?

Description

Time

  • Played on: May 16, 2016, 6:51 a.m.
  • Length: 6:19

All games in this series

Show
View Real Time Build Order
Export as new Build Order

MaSa Terran 

Build Orders: Liberator Opening, Reaper Expand 

Get SALT Encoding   

  12  0:00  SCV  
  13  0:12  SCV  
  14  0:17  Supply Depot  
  14  0:24  SCV  
  15  0:38  SCV  
  15  0:40  Barracks  
  15  0:42  Refinery  
  16  0:51  SCV  
  17  1:03  SCV  
  18  1:15  SCV  
  19  1:27  Reaper, Orbital Command  
  20  1:40  Command Center  
  20  1:46  Refinery  
  20  1:53  Supply Depot  
  20  1:56  SCV  
  20  2:01  Barracks Reactor  
  21  2:08  SCV  
  22  2:16  Factory  
  22  2:20  SCV  
  23  2:32  SCV  
  23  2:37  Marine x2  
  26  2:44  SCV  
  27  2:52  Orbital Command  
  27  2:54  Marine  
  27  2:55  Marine  
  30  3:01  Starport  
  30  3:02  Widow Mine  
  32  3:10  Armory  
  32  3:12  SCV  
  32  3:13  Marine  
  32  3:16  Marine  
  35  3:20  SCV  
  35  3:24  SCV  
  36  3:32  Marine  
  36  3:33  Factory Tech Lab  
  36  3:34  Marine, SCV  
  36  3:40  Supply Depot  
  36  3:41  SCV  
  39  3:44  Liberator  
  39  3:47  SCV  
  40  3:50  Marine  
  40  3:52  Marine  
  40  3:53  Widow Mine, SCV  
  45  4:02  Supply Depot  
  48  4:05  SCV  
  48  4:06  Drilling Claws  
  48  4:08  SCV  
  50  4:11  Marine x2  
  52  4:17  SCV  
  52  4:21  SCV  
  52  4:23  Widow Mine  
  56  4:27  Supply Depot  
  56  4:31  SCV  
  56  4:32  Marine  
  56  4:33  Marine  
  56  4:38  Bunker  
  58  4:41  SCV  
  58  4:44  Viking  
  61  4:50  Engineering Bay  
  61  4:51  Marine, SCV  
  61  4:52  Cyclone  
  66  4:53  Marine  
  66  4:59  SCV  
  68  5:00  Supply Depot  
  68  5:12  SCV  
  56  5:21  SCV  
  56  5:24  Widow Mine  
  56  5:27  SCV  
  44  5:33  SCV  
  38  5:38  Marine x2  
  38  5:39  SCV  
  36  5:47  SCV  
  36  5:51  SCV  
  36  5:56  Marine x2  
  41  6:04  SCV  
Show
View Real Time Build Order
Export as new Build Order

Showtime Protoss - Winner!

Build Orders: 1 Gate Expand 

Get SALT Encoding   

  12  0:00  Probe (Chrono Boost)  
  13  0:11  Probe (Chrono Boost)  
  14  0:17  Pylon  
  14  0:22  Probe (Chrono Boost)  
  16  0:35  Probe (Chrono Boost)  
  16  0:36  Gateway  
  16  0:46  Probe (Chrono Boost)  
  17  0:56  Probe (Chrono Boost)  
  18  1:07  Probe (Chrono Boost)  
  19  1:13  Nexus  
  19  1:23  Cybernetics Core  
  19  1:27  Assimilator  
  19  1:29  Probe (Chrono Boost)  
  20  1:34  Assimilator  
  20  1:40  Probe (Chrono Boost)  
  20  1:44  Pylon  
  21  1:50  Probe (Chrono Boost)  
  22  2:01  Probe  
  23  2:02  Adept (Chrono Boost)  
  23  2:08  Warp Gate  
  25  2:13  Probe  
  26  2:24  Probe  
  26  2:25  Probe  
  26  2:29  Twilight Council  
  28  2:34  Probe  
  31  2:37  Adept (Chrono Boost), Probe  
  32  2:45  Probe  
  32  2:49  Probe (Chrono Boost)  
  34  2:51  Robotics Facility  
  34  2:56  Probe (Chrono Boost)  
  35  3:01  Probe (Chrono Boost)  
  35  3:02  Resonating Glaives (Chrono Boost)  
  36  3:06  Probe (Chrono Boost)  
  36  3:12  Probe  
  38  3:16  Probe  
  39  3:24  Probe  
  40  3:27  Probe  
  40  3:36  Gateway, Probe  
  40  3:37  Probe  
  40  3:40  Gateway  
  42  3:44  Gateway x2  
  42  3:47  Gateway  
  42  3:51  Warp Prism (Chrono Boost)  
  44  3:58  Gateway  
  44  4:04  Gateway  
  44  4:08  Pylon  
  44  4:12  Pylon  
  44  4:13  Adept  
  46  4:22  Pylon  
  46  4:26  Mothership Core (Chrono Boost)  
  48  4:32  Warp Prism (Chrono Boost)  
  48  4:33  Adept  
  52  5:04  Adept x6  
  52  5:05  Adept x2  
  68  5:09  Pylon  
  68  5:10  Pylon  
  68  5:15  Pylon  
  64  5:26  Adept x2  
  64  5:27  Adept x4  
  54  5:49  Adept x3  
  58  5:50  Adept x4  
  58  5:54  Adept  
  55  6:14  Stalker  

Tags
 
Add a new tag
Caveats
  • Supply blocks, unpowered buildings, or Contaminate may cause inaccurate times.
  • Supply counts are checked every 10 seconds.